 Dungeon Crawl Stone Soup version 0.30-a0-643-g638baaf3f0 (webtiles) character file.

Game seed: 1600620263398472399

45 kae the Insei (level 3, -2/26 HPs)
             Began as a Demonspawn Transmuter on Jan 16, 2023.
             Succumbed to an adder's poison
             ... on level 2 of the Dungeon.
             The game lasted 00:02:01 (1098 turns).

kae the Insei (Demonspawn Transmuter)               Turns: 1098, Time: 00:02:02

Health: -2/26      AC:  2    Str: 10    XL:     3   Next: 42%
Magic:  6/6        EV: 12    Int: 16    God:
Gold:   65         SH:  0    Dex: 13    Spells: 0/6 levels left

rFire   + . .      SeeInvis .      - Unarmed
rCold   . . .      Faith    .    (no shield)
rNeg    . . .      Spirit   .    a - +0 robe
rPois   .          Reflect  .    (helmet currently unavailable)
rElec   .          Harm     .    (no cloak)
rCorr   .          Rampage  .    (no gloves)
Will    .....                    (boots currently unavailable)
Stlth   +                        (no amulet)
HPRegen 0.24/turn                (no ring)
MPRegen 0.20/turn                (no ring)

@: lethally poisoned (-2 -> -17), appendages (expiring)
A: horns 2, talons 2, magic regeneration, fire resistance 1, MP-powered wands
a: End Transformation


You were on level 2 of the Dungeon.
You had temporarily grown beastly horns and talons.
You visited 1 branch of the dungeon, and saw 2 of its levels.

You collected 65 gold pieces.


Innate Abilities, Weirdness & Mutations

You have temporarily grown beastly horns and talons.
You regenerate magic rapidly.
Your flesh is heat resistant. (rF+)
You expend magic power (3 MP) to strengthen your wands.


   Skills:
 - Level 1.0 Fighting
 - Level 1.7 Dodging
 + Level 3.0 Unarmed Combat
 + Level 2.4 Spellcasting
 * Level 2.7 Transmutations
 * Level 0.5 Poison Magic


You couldn't memorise any spells.
You knew the following spells:

 Your Spells              Type           Power      Damage    Failure   Level
a - Beastly Appendage     Tmut           20%        N/A       6%          1
b - Wereblood             Tmut           10%        N/A       10%         2
c - Spider Form           Tmut/Pois      7%         N/A       30%         3

Your spell library contained the following spells:

 Spells                   Type           Power      Damage    Failure   Level
 Call Canine Familiar     Summ           1%         N/A       52%         3
 Portal Projectile        Hex/Tloc       2%         N/A       52%         3
 Ice Form                 Ice/Tmut       6%         N/A       75%         4
 Leda's Liquefaction      Hex/Erth       0%         N/A       89%         4

Inventory:

Missiles
 c - 10 stones
 e - 6 poisoned darts
Armour
 a - a +0 robe (worn)
Potions
 b - a potion of lignification {!q}
 d - a potion of heal wounds {unknown}
 f - 3 potions of mutation {!q}
 g - 2 potions of curing {unknown}

Dungeon Overview and Level Annotations

Branches:
Dungeon (2/15) Zot: 10907

Altars:

.#### . ....
#.. ...###
#...#....#
#...#....#
.........#
.........#
#.
......S@.#
#.
.......†.##
#.
.....###..#
### ....
##$# #.. ...
#.### #.. ..
#...### #..
. ###...#
#.. ###.##
#..
#..#######..


You could see an adder.


Message History

You see here 11 gold pieces.
The hobgoblin shouts!
You hear an angry hiss.
An endoplasm comes into view.
You completely miss the hobgoblin.
You claw the hobgoblin, but do no damage.
The hobgoblin hits you. 😕 HP[-3]
You take 3 damage, and now have 23/26 hp.
There are monsters nearby!
Unknown command.
There are monsters nearby!
You closely miss the hobgoblin. Your kick misses the hobgoblin.
You headbutt the hobgoblin.
You kill the hobgoblin! 😕 HP[+1]
You hit the endoplasm but do no damage. You claw the endoplasm.
You headbutt the endoplasm.
Your horns disappear.
Your talons disappear.
An adder comes into view.
The endoplasm hits you. 😕 HP[-2]
You take 2 damage, and now have 22/26 hp.
You hit the endoplasm.
You kill the endoplasm!
The adder barely misses you. 😕 HP[+1] Unknown command.
An adder is nearby!
Casting: Beastly Appendage (safe; 6% risk of failure)
Confirm with . or Enter, or press ? or * to list all spells.
You grow a pair of large bovine horns.
Your feet morph into talons.
The adder closely misses you. The adder bites you. 😕 HP[-1] MP[-1]
You take 1 damage, and now have 22/26 hp.
You lost 1 mp, and now have 5/6 mp.
You completely miss the adder. The adder misses you.
The adder bites you but does no damage.
You miss the adder.
You headbutt the adder, but do no damage.
The adder barely misses you. 😕 HP[+1]
You closely miss the adder. Your kick misses the adder. The adder misses you.
You barely miss the adder. Your kick misses the adder.
Your headbutt misses the adder. The adder bites you. 😕 HP[-1] MP[+1]
You take 1 damage, and now have 22/26 hp.
Your mp is fully restored (6).
You closely miss the adder. You headbutt the adder. The adder bites you.
You are poisoned.
The adder poisons you! The adder barely misses you.
You miss the adder. You claw the adder. Your headbutt misses the adder.
You feel sick. The adder closely misses you. 😮 HP[-3]
You take 3 damage, and now have 19/26 hp.
You hit the adder.
You feel sick. The adder bites you.
You are more poisoned.
The adder poisons you!
You are too injured to fight recklessly! 😮 HP[-1]
You take 1 damage, and now have 18/26 hp.
You are too injured to fight recklessly!
You are too injured to fight recklessly!
You are too injured to fight recklessly!
You are too injured to fight recklessly!
Unknown command.
You are too injured to fight recklessly!
You are too injured to fight recklessly!
You are too injured to fight recklessly!
You are too injured to fight recklessly!
Unknown command.
You barely miss the adder.
You feel sick. The adder bites you.
* * * LOW HITPOINT WARNING * * *
😨 HP[-6]
You take 6 damage, and now have 12/26 hp.
MASSIVE DAMAGE!! (PAUSE)
You miss the adder. Your headbutt misses the adder.
You feel sick. The adder bites you.
* * * LOW HITPOINT WARNING * * *
You are lethally poisoned!
The adder poisons you! The adder bites you.
* * * LOW HITPOINT WARNING * * *
You are more poisoned.
The adder poisons you! 😱 HP[-7]
You take 7 damage, and now have 5/26 hp.
MASSIVE DAMAGE!! (PAUSE)
You closely miss the adder.
* * * LOW HITPOINT WARNING * * *
You feel very sick. The adder barely misses you. 😱 HP[-4]
You take 4 damage, and now have 1/26 hp.
It was a potion of mutation.
You feel extremely strange.
You feel your magical essence link to the dungeon's wands.
Your skin functions as natural camouflage.
Your skin no longer functions as natural camouflage.
You feel resistant to heat.
Your transformation is almost over.
You die...

Skill      XL: |  1  2 |
---------------+-------+-----
Transmutations | 2 |  2.7
Unarmed Combat | 3 |  3.0
Fighting       | |  1.0
Dodging        | |  1.7
Spellcasting   | |  2.4
Poison Magic   | |  0.5

Action                   || total
-------------------------++-------
Melee: Unarmed           ||   117
       Kick              ||    28
       Headbutt          ||    18
 Cast: Beastly Appendage ||    28
  Use: Scroll            ||     2
       Potion            ||     1
Armor: Robe              ||    13
Dodge: Dodged            ||    78

Levels and vault maps discovered:
D:1:      onia_arrival_pyramid, layout_loops_ring, chequers_serial_rivers_marsh
D:2:      layout_basic, ebering_ecumenical_altar_petrified,
          kennysheep_generic_room_9

Notes
Turn   | Place    | Note
-------+----------+-------------------------------------------
     0 | D:1      | kae the Demonspawn Transmuter began the quest for the Orb.
     0 | D:1      | Reached XP level 1. HP: 15/15 MP: 3/3
     0 | D:1      | magus.rc [v1.11.3]
   129 | D:1      | Reached skill level 2 in Transmutations
   193 | D:1      | Gained mutation: You regenerate magic rapidly. [demonic
                  | ancestry]
   193 | D:1      | Reached XP level 2. HP: 18/21 MP: 3/5
   410 | D:1      | Reached skill level 3 in Unarmed Combat
   598 | D:1      | Reached XP level 3. HP: 22/26 MP: 6/6
   601 | D:1      | Learned a level 2 spell: Wereblood
   605 | D:1      | Learned a level 3 spell: Spider Form
   929 | D:2      | Found a faded altar of an unknown god.
   964 | D:2      | You pick up a book of the Hunter and begin reading...
   964 | D:2      | You add the spells Call Canine Familiar, Portal Projectile
                  | and Leda's Liquefaction to your library.
  1096 | D:2      | HP: 5/26 [adder (4)]
  1097 | D:2      | HP: 1/26 [poisoned by an adder]
  1098 | D:2      | Gained mutation: You expend magic power (3 MP) to
                  | strengthen your wands. [potion of mutation]
  1098 | D:2      | Gained mutation: Your skin changes colour to match your
                  | surroundings (Stealth+). [potion of mutation]
  1098 | D:2      | Lost mutation: Your skin changes colour to match your
                  | surroundings (Stealth+). [potion of mutation]
  1098 | D:2      | Gained mutation: Your flesh is heat resistant. (rF+)
                  | [potion of mutation]
  1098 | D:2      | Succumbed to an adder's poison

Vanquished Creatures
  2 bats
  5 endoplasms
  A giant cockroach (D:2)
  5 goblins (D:1)
  7 hobgoblins
  3 kobolds (D:1)
  3 quokkas (D:1)
  5 ball pythons (D:1)
  4 frilled lizards
  5 rats
40 creatures vanquished.

Table legend:
 A = Non-vault XP
 B = Vault XP
 C = Vault XP percentage of total XP
 D = Non-vault monster count
 E = Vault monster count
 F = Vault count percentage of total count
                 A         B        C        D         E       F
            +---------+---------+-------+---------+---------+-------
      Total |      65 |       0 |   0.0 |      40 |       0 |   0.0
            +---------+---------+-------+---------+---------+-------
        D:1 |      46 |       0 |   0.0 |      29 |       0 |   0.0
        D:2 |      19 |       0 |   0.0 |      11 |       0 |   0.0
            +---------+---------+-------+---------+---------+-------

Illustrated notes

Table legend:
 A = Kills in this place as a percentage of kills in entire the game.
 B = Kills by you in this place as a percentage of kills by you in the entire game.
 C = Kills by friends in this place as a percentage of kills by friends in the entire game.
 D = Other kills in this place as a percentage of other kills in the entire game.
 E = Experience gained in this place as a percentage of experience gained in the entire game.
 F = Experience gained in this place divided by the number of levels of this place that you have seen.
                   A       B       C       D       E      F
               +-------+-------+-------+-------+-------+----------------------
         Total | 100.0 | 100.0 |   N/A |   N/A | 100.0 |  32.5
       Dungeon | 100.0 | 100.0 |   N/A |   N/A | 100.0 |  32.5
               +-------+-------+-------+-------+-------+----------------------

Table legend: (Time is in decaauts)
 A = Elapsed time spent in this place.
 B = Non-inter-level travel time spent in this place.
 C = Inter-level travel time spent in this place.
 D = Time resting spent in this place.
 E = Time spent auto-exploring this place.
 F = Levels seen in this place.
 G = Mean time per level.
                   A        B        C        D        E       F      G
               +--------+--------+--------+--------+--------+-----+--------+
         Total |   1092 |   1088 |      4 |      0 |    788 |   2 |  546.0 |
       Dungeon |   1092 |   1088 |      4 |      0 |    788 |   2 |  546.0 |
               +--------+--------+--------+--------+--------+-----+--------+

Top non-repeatable levels by time:
     D:1: 914 daAuts
     D:2: 178 daAuts
